 Dungeon Crawl Stone Soup version 0.27-a0-156-gbcd94eb011 (webtiles) character file.

Game seed: 8400929613475596255

390 dickylongcocking the Bolt Thrower (level 7, 0/78 HPs)
             Began as a Human Arcane Marksman on Jan 28, 2021.
             Slain by a worker ant (5 damage)
             ... on level 5 of the Dungeon.
             The game lasted 00:05:02 (4825 turns).

dickylongcocking the Bolt Thrower (HuAM)            Turns: 4825, Time: 00:05:02

Health: 0/78       AC: 23    Str: 11    XL:     7   Next: 7%
Magic:  9/9        EV:  2    Int: 15    God:
Gold:   155        SH:  0    Dex: 13    Spells: 7/8 levels left

rFire    . . .     SeeInvis .   (no weapon)
rCold    . . .     Faith    .   (no shield)
rNeg     + + +     Spirit   .   (armour currently unavailable)
rPois    +         Reflect  .   (helmet currently unavailable)
rElec    .         Harm     .   (cloak currently unavailable)
rCorr    .         Rampage  .   (gloves currently unavailable)
Will     .....     NoTele   +   (boots currently unavailable)
Stlth    ++........             (no amulet)
HPRegen  0.23/turn              (no ring)
MPRegen  0.11/turn              (no ring)

@: lethally poisoned (0 -> -1), tree-form
A: no striking features
a: no special abilities


You were on level 5 of the Dungeon.
You were a tree.
You visited 1 branch of the dungeon, and saw 5 of its levels.

You collected 155 gold pieces.

Inventory:

Hand Weapons
 a - a +0 hand crossbow
 g - a +0 short sword
 h - a +1 short sword of draining
Armour
 e - a +0 robe (melded)
Jewellery
 i - a cursed -4 ring of intelligence {unknown}
Scrolls
 b - 2 scrolls of enchant weapon {unknown}
 c - a scroll of magic mapping {unknown}
 j - 2 scrolls of identify {unknown}
 k - a scroll of noise {unknown}
 l - a scroll of enchant armour {unknown}
Potions
 f - a potion of flight


   Skills:
 + Level 3.1 Fighting
 + Level 1.6 Short Blades
 + Level 4.6 Crossbows
 + Level 2.7 Dodging
 + Level 1.1 Stealth
 + Level 1.4 Spellcasting
 + Level 3.8 Hexes


You had 7 spell levels left.
You knew the following spells:

 Your Spells              Type           Power        Failure   Level
a - Corona                Hex            13%          4%          1

Your spell library contained the following spells:

 Spells                   Type           Power        Failure   Level
 Slow                     Hex            12%          8%          2
 Inner Flame              Hex/Fire       6%           32%         3
 Portal Projectile        Hex/Tloc       12%          32%         3
 Cause Fear               Hex            6%           43%         4
 Leda's Liquefaction      Hex/Erth       3%           71%         4


Dungeon Overview and Level Annotations

Branches:
Dungeon (5/15)
 Temple: D:4-7

Altars:

Annotations:
D:4 Pikel


Message History

You hit the worker ant but do no damage.
The worker ant is moderately wounded.
You feel sick. The worker ant bites you.
* * * LOW HITPOINT WARNING * * *
The worker ant bites you but does no damage.
You hit the worker ant but do no damage.
The worker ant is moderately wounded.
The worker ant bites you.
* * * LOW HITPOINT WARNING * * *
Okay, then.
You smack the worker ant!
The worker ant is almost dead.
You feel sick. The worker ant completely misses you.
You smack the worker ant!
You kill the worker ant!
You barely miss the worker ant.
You feel sick.
The worker ant bites you but does no damage.
You hit the worker ant but do no damage.
The worker ant bites you.
You die...

#### ..# #### # #l# ..Z#
#.##.####...##.#
####.#...#.B.......
#..........<.......
#.####...#.........
..####.#####.####...##..
......?♣B..............
..####.###############..
#. # .. .>. ####


You could see a worker ant.

Vanquished Creatures
  Sigmund (D:3)
  A lemure (D:3)
  A hound (D:4)
  An orc wizard (D:3)
  Terence (D:2)
  A worker ant (D:5)
  3 adders
  2 oozes
  2 worms (D:3)
  2 dart slugs (D:1)
  A leopard gecko (D:2)
  5 orcs (D:3)
  5 bats
  5 giant cockroaches
  10 goblins
  10 hobgoblins
  8 jackals (D:1)
  8 kobolds
  2 ball pythons
  5 frilled lizards (D:1)
  3 rats
77 creatures vanquished.

Vanquished Creatures (others)
  22 plants (D:3)
22 creatures vanquished.

Grand Total: 99 creatures vanquished

Notes
Turn   | Place    | Note
-------+----------+-------------------------------------------
     0 | D:1      | dickylongcocking the Human Arcane Marksman began the quest
                  | for the Orb.
     0 | D:1      | Reached XP level 1. HP: 15/15 MP: 2/2
    81 | D:1      | Reached XP level 2. HP: 21/21 MP: 3/3
   233 | D:1      | Reached XP level 3. HP: 26/26 MP: 4/4
   565 | D:1      | Reached skill level 3 in Crossbows
   786 | D:1      | Reached XP level 4. HP: 32/32 MP: 5/5
  1635 | D:2      | HP: 1/33 [hobgoblin/+0 club (3)]
  2335 | D:3      | Noticed Terence
  2349 | D:2      | Killed Terence
  2350 | D:2      | Reached skill level 1 in Short Blades
  2350 | D:2      | Reached XP level 5. HP: 13/31 MP: 4/6
  3490 | D:3      | Noticed Sigmund
  3509 | D:3      | Killed Sigmund
  3510 | D:3      | Reached skill level 4 in Crossbows
  3510 | D:3      | Reached skill level 1 in Stealth
  3510 | D:3      | Reached XP level 6. HP: 11/46 MP: 2/7
  3900 | D:3      | HP: 2/47 [orc/+0 flail (7)]
  4522 | D:4      | Reached XP level 7. HP: 46/52 MP: 9/9
  4802 | D:4      | Noticed Pikel
  4806 | D:5      | Entered Level 5 of the Dungeon
  4825 | D:5      | Slain by a worker ant

Illustrated notes

Levels and vault maps discovered:
D:1:      eino_arrival_water_star, layout_loops_ring
D:2:      wad_crossroads, layout_loops_corners
D:3:      layout_basic, serial_bayou, serial_bayou_pond_c,
          serial_bayou_lagoon_a, serial_bayou_ford_a, serial_bayou_lake_a,
          uniq_terence, uniq_sigmund
D:4:      layout_basic, elyvilon_altar_5, hangedman_decor_push,
          kennysheep_cross_bottleneck, uniq_natasha, uniq_pikel, uniq_edmund
D:5:      layout_loops_ring, amethyst_overflow_temple_binary,
          cheibrodos_sewer_entry_sluice, serial_shops, nicolae_shop_behind_doors

Skill      XL: |  1  2  3  4  5  6 |
---------------+-------------------+-----
Crossbows      | 3 4 |  4.6
Fighting       | 2 3 |  3.1
Short Blades   | 1 |  1.6
Stealth        | 1 |  1.1
Dodging        | |  2.7
Spellcasting   | |  1.4
Hexes          | |  3.8

Action                   |  1- 3 |  4- 6 |  7- 9 || total
-------------------------+-------+-------+-------++-------
Melee: Short sword       |       |    79 |    17 ||    96
       Unarmed           |       |       |     8 ||     8
 Fire: Hand crossbow     |    80 |    66 |    10 ||   156
 Cast: Corona            |     2 |    12 |     3 ||    17
  Use: Potion            |       |     2 |     2 ||     4
 Stab: Sleeping          |       |     2 |       ||     2
Armor: Robe              |     5 |    16 |       ||    21
       Skin              |       |       |     5 ||     5
Dodge: Dodged            |    28 |    84 |    26 ||   138

Table legend: (Time is in decaauts)
 A = Elapsed time spent in this place.
 B = Non-inter-level travel time spent in this place.
 C = Inter-level travel time spent in this place.
 D = Time resting spent in this place.
 E = Time spent auto-exploring this place.
 F = Levels seen in this place.
 G = Mean time per level.
                   A        B        C        D        E       F      G
               +--------+--------+--------+--------+--------+-----+--------+
         Total |   4910 |   4807 |    103 |   1074 |   3020 |   5 |  982.0 |
       Dungeon |   4910 |   4807 |    103 |   1074 |   3020 |   5 |  982.0 |
               +--------+--------+--------+--------+--------+-----+--------+

Top non-repeatable levels by time:
     D:3: 2243 daAuts
     D:2: 1690 daAuts
     D:1: 858 daAuts
     D:4: 99 daAuts
     D:5: 18 daAuts
